 Dungeon Crawl Stone Soup version 0.30-a0-169-g06f667207d (webtiles) character file.

Game seed: 16547436710043563339

159 qw the Chopper (level 5, -8/32 HPs)
             Began as a Gargoyle Fighter on Sept 30, 2022.
             Killed by divine providence
             ... invoked by an orc priest
              (14 damage)
             ... on level 2 of the Dungeon.
             The game lasted 00:00:50 (2128 turns).

qw the Chopper (Gargoyle Fighter)                   Turns: 2128, Time: 00:00:50

Health: -8/32      AC: 17    Str: 20 (22) XL:     5   Next: 40%
Magic:  5/5        EV:  5    Int:  6 (8)  God:
Gold:   895        SH:  4    Dex:  6 (9)  Spells: 4/4 levels left

rFire   . . .      SeeInvis .    Y - +0 war axe
rCold   . . .      Faith    .    c - +0 buckler
rNeg    + . .      Spirit   .    j - +0 plate armour
rPois   inf        Reflect  .    (no helmet)
rElec   +          Harm     .    i - +0 cloak
rCorr   .          Rampage  .    (no gloves)
Will    .....                    l - +0 pair of boots
Stlth   ..........               g - amulet of the acrobat
HPRegen 0.10/turn                (no ring)
MPRegen 0.09/turn                (no ring)

@: no status effects
A: sickness immunity, AC +4, negative energy resistance 1, electricity
resistance, torment resistance 1, petrification resistance
a: no special abilities


You were on level 2 of the Dungeon.
You visited 1 branch of the dungeon, and saw 3 of its levels.

You collected 936 gold pieces.
You spent 41 gold pieces at shops.


Innate Abilities, Weirdness & Mutations

You are immune to sickness and miasma.
Your stone body is resilient. (AC +4)
You are immune to poison.
You resist negative energy. (rN+)
You are resistant to electric shocks. (rElec)
You are resistant to unholy torment.
You are immune to petrification.


   Skills:
 + Level 3.3 Fighting
 - Level 5.0 Axes
 - Level 3.2 Armour
 - Level 3.2 Shields


You had 4 spell levels left.
You didn't know any spells.
Your spell library was empty.

Inventory:

Hand Weapons
 a - a +0 flail
 Y - a +0 war axe (weapon)
Armour
 c - a +0 buckler (worn)
 i - a +0 cloak (worn)
 j - a +0 plate armour (worn)
 l - a +0 pair of boots (worn)
Jewellery
 g - an amulet of the acrobat (around neck)
Scrolls
 k - a scroll of identify
Potions
 d - 3 potions of might
 e - a potion of mutation
 f - a potion of curing
 n - a potion of attraction {unknown}

Dungeon Overview and Level Annotations

Branches:
Dungeon (3/15)

Altars:

Shops:
D:2 *


Message History

(D) Dungeon
Where to? (* - list waypoints, Enter - D:3, ? - help)
What level of the Dungeon? (default 1, ? - help)
You climb downwards.
There is a stone staircase leading up here.
There are monsters nearby!
2114 ||| Stepping ~*~*~tactically~*~*~ (hiding).
You start waiting.
An orc priest is nearby!
There is a stone staircase leading up here.
You barely miss the orc priest.
The orc priest invokes the aid of Beogh against you.
Beogh smites you!
2119 ||| STAIRDANCE The orc priest mumbles some strange prayers to Beogh against you.
Beogh smites you!
You climb upwards.
There is a stone staircase leading down here.
You see here a potion of degeneration.
You closely miss the orc priest.
The orc priest hits you with a +1 vorpal falchion.
You block the orc priest's attack.
You barely miss the orc priest.
The orc priest invokes the aid of Beogh against you.
Pain shoots through your body!
You barely miss the orc priest.
The orc priest hits you but does no damage.
The orc priest miscasts a cantrip.
You barely miss the orc priest.
The orc priest hits you but does no damage.
You hit the orc priest but do no damage.
The orc priest barely misses you.
You closely miss the orc priest.
The orc priest casts a cantrip, but nothing happens.
You barely miss the orc priest. The orc priest barely misses you. x2
You closely miss the orc priest.
The orc priest calls down the wrath of Beogh upon you.
Beogh smites you!
You die...

######## #....o.#
#....@.# ##......#
#######.......#
#####.............#
.......############
............#####
...)........:...###
####..#######.....#
####.##############


You could see an orc priest.

Vanquished Creatures
  An ogre (D:3)
  An orc wizard (D:3)
  2 dart slugs (D:1)
  3 orcs (D:3)
  2 bats (D:1)
  4 endoplasms
  2 giant cockroaches
  3 goblins
  9 hobgoblins
  2 kobolds
  3 quokkas
  6 ball pythons
  A frilled lizard (D:2)
  5 rats
44 creatures vanquished.

Notes
Turn   | Place    | Note
-------+----------+-------------------------------------------
     0 | D:1      | qw the Gargoyle Fighter began the quest for the Orb.
     0 | D:1      | Reached XP level 1. HP: 14/14 MP: 1/1
     0 | D:1      | 0 ||| qw: Version: 0.2-a-12-gaebbb33
     0 | D:1      | 0 ||| qw: Game counter: 1411
     0 | D:1      | 0 ||| qw: Always use a shield: true
     0 | D:1      | 0 ||| qw: God list: Okawaru
     0 | D:1      | 0 ||| qw: Allow faded altars: false
     0 | D:1      | 0 ||| qw: Do Orc after D:15 true
     0 | D:1      | 0 ||| qw: Do second Lair branch before Depths: true
     0 | D:1      | 0 ||| qw: Lair rune preference: random
     0 | D:1      | 0 ||| qw: Plans: Normal, Zot:1-4, God:TSO, Crypt, Tomb,
                  | Pan, Slime:5, Hells, Abyss, Orb
     0 | D:1      | 0 ||| PLANNING D:1-11
    64 | D:1      | Reached skill level 2 in Axes
   138 | D:1      | Reached XP level 2. HP: 19/19 MP: 2/2
   408 | D:1      | 408 ||| Stepping ~*~*~tactically~*~*~ (stealth).
   416 | D:1      | Reached skill level 3 in Axes
   417 | D:1      | Reached XP level 3. HP: 17/23 MP: 3/3
   877 | D:1      | 877 ||| DROPPING +3 hand axe of freezing.
   879 | D:1      | 879 ||| READING scroll labelled EMOEROITUZ.
   880 | D:1      | 880 ||| READING scroll labelled KISOLO TIUFFI.
   911 | D:2      | 911 ||| Stepping ~*~*~tactically~*~*~ (stealth).
   913 | D:2      | 913 ||| Stepping ~*~*~tactically~*~*~ (stealth).
   914 | D:2      | 914 ||| Stepping ~*~*~tactically~*~*~ (stealth).
  1005 | D:2      | 1005 ||| Stepping ~*~*~tactically~*~*~ (stealth).
  1012 | D:2      | 1012 ||| Stepping ~*~*~tactically~*~*~ (stealth).
  1013 | D:2      | 1013 ||| Stepping ~*~*~tactically~*~*~ (stealth).
  1014 | D:2      | 1014 ||| Stepping ~*~*~tactically~*~*~ (stealth).
  1103 | D:2      | 1103 ||| Stepping ~*~*~tactically~*~*~ (stealth).
  1104 | D:2      | 1104 ||| Stepping ~*~*~tactically~*~*~ (stealth).
  1105 | D:2      | 1105 ||| Stepping ~*~*~tactically~*~*~ (stealth).
  1333 | D:2      | Found Tunk's Assorted Antiques.
  1343 | D:2      | 1343 ||| BUYING dark potion (19 gold).
  1343 | D:2      | Bought a dark potion for 19 gold pieces
  1343 | D:2      | 1343 ||| SHOPLISTING dented bone amulet (110 gold, have
                  | 37).
  1343 | D:2      | 1343 ||| BUYING scroll labelled CUEMOA LAPOU (22 gold).
  1343 | D:2      | Bought a scroll labelled CUEMOA LAPOU for 22 gold pieces
  1343 | D:2      | 1343 ||| SHOPLISTING scroll labelled IKADETH WYITZY (22
                  | gold, have 15).
  1343 | D:2      | 1343 ||| SHOPLISTING silver ring (110 gold, have 15).
  1486 | D:2      | 1486 ||| UPGRADING to +0 cloak.
  1491 | D:2      | 1491 ||| UPGRADING to +0 plate armour.
  1501 | D:2      | 1501 ||| DROPPING +0 scale mail.
  1502 | D:2      | 1502 ||| UPGRADING to +0 pair of boots.
  1507 | D:2      | 1507 ||| UPGRADING to amulet of the acrobat.
  1512 | D:2      | 1512 ||| READING scroll labelled CUEMOA LAPOU.
  1513 | D:2      | 1513 ||| DRINKING 2 dark potions.
  1539 | D:3      | Noticed an ogre
  1544 | D:3      | HP: 5/23 [ogre/+0 giant spiked club (18)]
  1545 | D:3      | 1545 ||| DRINKING potion of heal wounds.
  1548 | D:3      | Killed an ogre
  1549 | D:3      | Reached skill level 4 in Axes
  1549 | D:3      | Reached XP level 4. HP: 28/28 MP: 4/4
  1549 | D:3      | Reached XP level 5. HP: 32/32 MP: 5/5
  1561 | D:3      | 1561 ||| Stepping ~*~*~tactically~*~*~ (stealth).
  1562 | D:3      | 1562 ||| Stepping ~*~*~tactically~*~*~ (hiding).
  1564 | D:3      | 1564 ||| Stepping ~*~*~tactically~*~*~ (hiding).
  1575 | D:3      | Found a faded altar of an unknown god.
  1610 | D:3      | 1610 ||| Stepping ~*~*~tactically~*~*~ (stealth).
  1644 | D:3      | Reached skill level 5 in Axes
  1650 | D:3      | 1650 ||| DROPPING +0 mace.
  1702 | D:3      | 1702 ||| FLEEEEING.
  1703 | D:3      | 1703 ||| FLEEEEING.
  1704 | D:3      | 1704 ||| FLEEEEING.
  1705 | D:3      | 1705 ||| FLEEEEING.
  1706 | D:3      | 1706 ||| FLEEEEING.
  1707 | D:3      | 1707 ||| FLEEEEING.
  1713 | D:3      | 1713 ||| FLEEEEING.
  1718 | D:3      | 1718 ||| FLEEEEING.
  1720 | D:3      | 1720 ||| FLEEEEING.
  1721 | D:3      | 1721 ||| FLEEEEING.
  1722 | D:3      | 1722 ||| FLEEEEING.
  1723 | D:3      | 1723 ||| FLEEEEING.
  1727 | D:3      | 1727 ||| FLEEEEING.
  1727 | D:3      | HP: 4/32 [orc priest/divine providence (7)]
  1728 | D:3      | 1728 ||| FLEEEEING.
  1731 | D:3      | 1731 ||| STAIRDANCE
  2005 | D:2      | 2005 ||| READING scroll labelled CUNARA RICLULALA.
  2106 | D:2      | 2106 ||| READING scroll labelled KIQAKH ITRUGAC.
  2106 | D:2      | Identified a scroll of acquirement
  2106 | D:2      | 2106 ||| ACQUIRING 858 gold pieces
  2106 | D:2      | Acquired 858 gold pieces
  2108 | D:2      | 2108 ||| DRINKING 2 murky inky potions.
  2109 | D:2      | 2109 ||| READING 3 scrolls of identify.
  2109 | D:2      | 2109 ||| IDENTIFYING cyan potion
  2110 | D:2      | 2110 ||| READING 2 scrolls of identify.
  2110 | D:2      | 2110 ||| IDENTIFYING grey potion
  2111 | D:2      | 2111 ||| DROPPING potion of degeneration.
  2114 | D:3      | 2114 ||| Stepping ~*~*~tactically~*~*~ (hiding).
  2119 | D:3      | 2119 ||| STAIRDANCE
  2121 | D:2      | HP: 7/32 [orc priest/+1 vorpal falchion (2)]
  2128 | D:2      | Killed from afar by an orc priest

Levels and vault maps discovered:
D:1:      minmay_arrival_arboretum_small, layout_loops_ring, st_stairs_2,
          minmay_split_cup_small
D:2:      layout_rooms, serial_shops, shop_fountains
D:3:      layout_rooms, nemelex_diamond_rough_becter,
          nicolae_ecumenical_snake_handling, due_unseen_surprise, uniq_sigmund

Skill      XL: |  1  2  3  4  5 |
---------------+----------------+-----
Axes           | 2 3 4 5 |  5.0
Fighting       | |  3.3
Armour         | |  3.2
Shields        | |  3.2

Action                   |  1- 3 |  4- 6 || total
-------------------------+-------+-------++-------
Melee: War axe           |   109 |    32 ||   141
  Use: Scroll            |     3 |     4 ||     7
       Potion            |     2 |     1 ||     3
Armor: Scale mail        |    52 |       ||    52
       Plate armour      |       |    28 ||    28
Dodge: Dodged            |    51 |    13 ||    64
Block: Buckler           |    20 |     6 ||    26

Table legend:
 A = Non-vault XP
 B = Vault XP
 C = Vault XP percentage of total XP
 D = Non-vault monster count
 E = Vault monster count
 F = Vault count percentage of total count
                 A         B        C        D         E       F
            +---------+---------+-------+---------+---------+-------
      Total |     214 |      14 |   6.1 |      37 |       7 |  15.9
            +---------+---------+-------+---------+---------+-------
        D:1 |      28 |      13 |  31.7 |      14 |       6 |  30.0
        D:2 |      28 |       0 |   0.0 |      16 |       0 |   0.0
        D:3 |     158 |       1 |   0.6 |       7 |       1 |  12.5
            +---------+---------+-------+---------+---------+-------
